Map: Orbital Shipyard

Players

xXxCHiiLLxXx

  • Race: Protoss Protoss
  • League: Platinum

LilDicky - Winner!

  • Race: Terran Terran
  • League: Diamond

VOD

http://www.twitch.tv/tumescentpie

Description

Time

  • Played on: Dec. 6, 2015, 3:33 p.m.
  • Length: 10:06
Show
View Real Time Build Order
Export as new Build Order

xXxCHiiLLxXx Protoss 

Build Orders:  

Get SALT Encoding   

  12  0:03  Probe (Chrono Boost)  
  13  0:13  Probe (Chrono Boost)  
  14  0:23  Pylon  
  14  0:31  Probe (Chrono Boost)  
  15  0:41  Probe (Chrono Boost)  
  16  0:44  Gateway  
  16  0:55  Pylon  
  17  0:57  Probe (Chrono Boost)  
  17  1:05  Assimilator  
  17  1:07  Probe (Chrono Boost)  
  18  1:15  Assimilator  
  18  1:18  Probe (Chrono Boost)  
  19  1:28  Probe (Chrono Boost)  
  20  1:35  Cybernetics Core  
  20  1:39  Probe (Chrono Boost)  
  21  1:53  Probe (Chrono Boost)  
  22  2:00  Nexus  
  21  2:07  Probe (Chrono Boost)  
  22  2:14  Adept, Warp Gate  
  24  2:19  Mothership Core (Chrono Boost)  
  26  2:37  Probe (Chrono Boost)  
  27  2:48  Probe (Chrono Boost)  
  28  2:55  Robotics Facility  
  28  3:00  Gateway  
  28  3:07  Pylon  
  28  3:13  Probe x2 (Chrono Boost)  
  30  3:26  Adept  
  32  3:31  Probe x2 (Chrono Boost)  
  34  3:41  Probe x2 (Chrono Boost)  
  34  3:43  Observer (Chrono Boost)  
  35  3:56  Mothership Core  
  37  4:07  Pylon  
  37  4:12  Probe  
  38  4:17  Probe  
  38  4:24  Pylon  
  39  4:25  Gateway x2  
  39  4:27  Pylon  
  39  4:28  Gateway x2  
  39  4:31  Warp Prism (Chrono Boost)  
  39  4:35  Stalker  
  43  4:40  Gateway  
  43  4:59  Stalker  
  45  5:01  Stalker  
  45  5:23  Adept x3  
  45  5:24  Probe  
  45  5:25  Probe  
  53  5:29  Stalker x2  
  53  5:30  Stalker  
  57  5:37  Probe  
  57  5:42  Stalker  
  46  5:53  Observer (Chrono Boost)  
  47  5:59  Adept x3  
  47  6:00  Adept  
  55  6:08  Zealot x2  
  55  6:09  Zealot  
  59  6:12  Warp Prism (Chrono Boost)  
  61  6:27  Adept x4  
  68  6:36  Probe  
  68  6:37  Probe  
  70  6:44  Pylon  
  70  6:47  Probe  
  70  6:49  Probe  
  72  6:56  Assimilator  
  72  6:57  Stalker x3  
  72  7:00  Probe  
  78  7:01  Assimilator  
  78  7:02  Probe  
  78  7:04  Pylon  
  80  7:09  Adept x3  
  80  7:10  Pylon  
  80  7:19  Adept  
  80  7:25  Probe  
  80  7:27  Probe  
  82  7:34  Adept x4  
  82  7:36  Stalker  
  92  7:39  Probe  
  93  7:48  Adept x2  
  97  7:57  Adept  
  97  7:58  Adept  
  101  8:07  Pylon  
  101  8:26  Stalker  
  101  8:27  Stalker x3  
  105  8:30  Pylon  
  99  8:49  Zealot x4  
  83  8:59  Zealot  
  83  9:00  Zealot  
Show
View Real Time Build Order
Export as new Build Order

LilDicky Terran - Winner!

Build Orders: MMM Bio 

Get SALT Encoding   

  12  0:01  SCV  
  13  0:13  SCV  
  14  0:18  Supply Depot  
  14  0:26  SCV  
  15  0:30  Refinery  
  15  0:40  SCV  
  16  0:46  Barracks  
  16  0:52  SCV  
  17  1:04  SCV  
  18  1:19  SCV  
  19  1:31  Supply Depot  
  19  1:33  SCV  
  19  1:39  Marine  
  21  1:43  Factory  
  21  1:47  Orbital Command  
  21  2:05  Barracks  
  21  2:08  Barracks  
  21  2:10  Marine  
  22  2:17  SCV  
  23  2:29  SCV  
  24  2:36  Barracks Reactor  
  24  2:42  SCV, Refinery  
  25  2:47  Widow Mine  
  25  2:48  Supply Depot  
  27  3:01  SCV  
  27  3:02  Barracks Tech Lab x2  
  28  3:13  SCV  
  28  3:16  Widow Mine  
  31  3:25  SCV  
  31  3:26  Combat Shields, Stimpack  
  32  3:27  Marine  
  32  3:28  Marine x3  
  32  3:31  Supply Depot  
  36  3:44  Starport  
  36  3:45  Marine  
  36  3:46  Marine x2  
  39  3:48  Marine  
  38  4:03  Marine  
  38  4:04  Marauder, Marine  
  38  4:07  Marauder  
  42  4:12  Supply Depot  
  41  4:21  Marine  
  41  4:23  Medivac  
  44  4:26  Marine, Marauder  
  47  4:34  SCV, Marauder  
  50  4:38  Supply Depot  
  50  4:45  Concussive Shells  
  50  4:59  SCV  
  51  5:00  Medivac  
  51  5:01  Marine x2  
  51  5:02  Marauder x2  
  59  5:30  Medivac  
  60  5:42  Widow Mine  
  48  5:50  Marauder, Marine x2  
  48  5:53  Marine  
  53  6:00  Medivac  
  55  6:07  Marine x2  
  55  6:11  Marine  
  56  6:20  Marine  
  56  6:25  Marine x2  
  57  6:29  Marine  
  60  6:34  Starport Reactor  
  60  6:37  Command Center  
  60  6:38  Marine  
  61  6:40  Command Center  
  61  6:46  Marine x2  
  63  6:55  Marauder  
  63  6:56  Supply Depot, Marine  
  63  6:58  SCV  
  67  7:03  Marine  
  67  7:04  Marine  
  59  7:23  Marine  
  59  7:24  Marine x3  
  59  7:29  Supply Depot  
  63  7:41  SCV  
  66  7:47  Medivac  
  68  7:53  SCV  
  68  7:55  Orbital Command  
  68  7:57  Marine  
  68  8:08  Medivac, Marine  
  67  8:22  Marine x3  
  67  8:25  Marine  
  70  8:39  Marine  
  70  8:40  Marauder, Marine  
  71  8:55  Marine  
  71  9:00  Orbital Command  
  57  9:47  Supply Depot  
Tags
 
Add a new tag
Caveats
  • Supply blocks, unpowered buildings, or Contaminate may cause inaccurate times.
  • Supply counts are checked every 10 seconds.